 Dungeon Sprint DCSS version 0.27-a0-216-g1fbed8a51c (webtiles) character file.

Game seed: 2373304836017436354

413 mhtbhm the Martial Artist (level 6, -7/45 HPs)
             Began as an Octopode Transmuter on Jan 31, 2021.
             Was an Initiate of Sif Muna.
             Mangled by a two-headed ogre
             ... wielding a +0 giant spiked club
              (30 damage)
             ... in the Dungeon (Sprint IX: "|||||||||||||||||||||||||||||").
             The game lasted 00:00:50 (1125 turns).

mhtbhm the Martial Artist (Octopode Transmuter)     Turns: 1125, Time: 00:00:50

Health: -7/45      AC:  5    Str: 12    XL:     6   Next: 90%
Magic:  8/14       EV: 15    Int: 15    God:    Sif Muna [......]
Gold:   0          SH:  0    Dex: 15    Spells: 6/16 levels left

rFire    x . .     SeeInvis .     - Unarmed
rCold    + + +     Faith    .   (shield currently unavailable)
rNeg     . . .     Spirit   .   (helmet currently unavailable)
rPois    +         Reflect  .   (no amulet)
rElec    .         Harm     .   l - +2 ring of evasion
rCorr    .         Rampage  .   k - +3 ring of dexterity
Will     .....     NoTele   +   (no ring)
Stlth    ++........             (no ring)
HPRegen  0.15/turn              (no ring)
MPRegen  0.14/turn              (no ring)
                                (no ring)
                                (no ring)

@: ice-form, wereblooded
A: large, almost no armour, stealthy swim, amphibious, 8 rings, (constrict 8)
a: End Transformation, Renounce Religion


You were in the Dungeon.
You worshipped Sif Muna.
Sif Muna was noncommittal.
You were a creature of crystalline ice.
You visited 1 branch

Inventory:

Jewellery
 k - a +3 ring of dexterity (right front paw)
 l - a +2 ring of evasion (left front paw)
Wands
 j - a wand of iceblast (10)
Scrolls
 g - 2 scrolls of blinking
 h - 3 scrolls of remove curse
 i - 2 scrolls of amnesia
Potions
 a - a potion of invisibility
 b - 4 potions of curing
 c - 3 potions of heal wounds
 d - a potion of haste
 e - 4 potions of magic
 f - a potion of berserk rage


   Skills:
 + Level 1.3 Fighting
 + Level 5.5 Dodging
 + Level 1.4 Stealth
 + Level 10.6 Unarmed Combat
 + Level 5.8 Spellcasting
 + Level 5.7 Transmutations
 + Level 1.1 Ice Magic


You had 6 spell levels left.
You knew the following spells:

 Your Spells              Type           Power        Failure   Level
a - Beastly Appendage     Tmut           42%          1%          1
b - Wereblood             Tmut           21%          2%          2
c - Spider Form           Tmut/Pois      6%           14%         3
d - Ice Form              Ice/Tmut       14%          34%         4

Your spell library contained the following spells:

 Spells                   Type           Power        Failure   Level
 Blade Hands              Tmut           10%          36%         5


Dungeon Overview and Level Annotations

Branches:
Dungeon (1/1)

Altars:
Cheibriados
Dithmenos
Elyvilon
Fedhas
Gozag
Hepliaklqana
Kikubaaqudgha
Makhleb
Nemelex Xobeh
Okawaru
Qazlal
Ru
Sif Muna
Trog
Uskayaw
Vehumet
Wu Jian
Xom
Yredelemnul
Zin
The Shining One
Beogh
Jiyva
Lugonu


Innate Abilities, Weirdness & Mutations

You cannot wear most types of armour.
You are very stealthy in the water. (Stealth+)
You are amphibious.
You can wear up to eight rings at the same time.
((You can use your tentacles to constrict eight enemies at once.))
((Your skin changes colour to match your surroundings (Stealth+).))
((Your rubbery body absorbs attacks. (AC +1, EV +1)))


Message History

The soldier ant is severely wounded.
The soldier ant barely misses you.
You hit the soldier ant. You freeze the soldier ant.
The soldier ant is almost dead.
You howl as the wereblood boils in your veins!
The wyvern hisses menacingly.
You hit the soldier ant. You freeze the soldier ant.
The soldier ant is almost dead.
The soldier ant closely misses you.
You punch the soldier ant! You freeze the soldier ant.
You kill the soldier ant!
Sif Muna accepts your kill.
Your Unarmed Combat skill increases to level 10!
Your Ice Magic skill increases to level 1!
Unknown command.
You hit the two-headed ogre but do no damage.
The two-headed ogre hits you with a +0 giant spiked club!
The two-headed ogre hits you with a +0 giant spiked club!!
Ouch! That really hurt!
You die...

▓.▓
▓.▓
▓Z▓
▓.▓
▓l▓
▓5▓
▓O▓
▓Y▓
▓.▓
▓[▓
▓[▓
▓[▓
▓.▓
▓)▓
▓.▓
▓.▓


You could see a two-headed ogre, a wyvern, a quasit and an adder zombie.

Vanquished Creatures
  A soldier ant (D)
  A necrophage (D)
  An ogre (D)
  2 scorpions (D)
  A worker ant (D)
  An adder (D)
  2 goblins (D)
  A jackal (D)
  A kobold (D)
  A rat (D)
12 creatures vanquished.

Notes
Turn   | Place    | Note
-------+----------+-------------------------------------------
     0 | D        | mhtbhm the Octopode Transmuter began the quest for the Orb.
     0 | D        | Reached XP level 1. HP: 13/13 MP: 3/3
    16 | D        | Reached skill level 4 in Unarmed Combat
   318 | D        | Noticed an ogre
   318 | D        | Noticed a scorpion
   318 | D        | Noticed a scorpion
   318 | D        | Noticed a worker ant
   322 | D        | Reached XP level 2. HP: 16/18 MP: 2/5
   325 | D        | Reached skill level 5 in Unarmed Combat
   325 | D        | Reached XP level 3. HP: 21/23 MP: 2/7
   329 | D        | Killed a scorpion
   330 | D        | Reached skill level 7 in Unarmed Combat
   330 | D        | Reached XP level 4. HP: 22/28 MP: 3/9
   334 | D        | Reached XP level 5. HP: 19/33 MP: 3/11
   337 | D        | Killed an ogre
   338 | D        | Reached skill level 9 in Unarmed Combat
   617 | D        | Found a roughly hewn altar of Beogh.
   617 | D        | Found a snail-covered altar of Cheibriados.
   617 | D        | Found a shadowy altar of Dithmenos.
   617 | D        | Found a white marble altar of Elyvilon.
   617 | D        | Found a blossoming altar of Fedhas.
   617 | D        | Found an opulent altar of Gozag.
   618 | D        | Found a hazy altar of Hepliaklqana.
   619 | D        | Found a viscous altar of Jiyva.
   620 | D        | Found an ancient bone altar of Kikubaaqudgha.
   621 | D        | Found a corrupted altar of Lugonu.
   622 | D        | Found a burning altar of Makhleb.
   623 | D        | Found a sparkling altar of Nemelex Xobeh.
   624 | D        | Found an iron altar of Okawaru.
   625 | D        | Found a stormy altar of Qazlal.
   626 | D        | Found a sacrificial altar of Ru.
   627 | D        | Found a shimmering blue altar of Sif Muna.
   628 | D        | Found a bloodstained altar of Trog.
   629 | D        | Found a hide-covered altar of Uskayaw.
   630 | D        | Found a radiant altar of Vehumet.
   631 | D        | Found an ornate altar of the Wu Jian Council.
   632 | D        | Found a shimmering altar of Xom.
   633 | D        | Found a basalt altar of Yredelemnul.
   634 | D        | Found a glowing silver altar of Zin.
   635 | D        | Became a worshipper of Sif Muna the Loreminder
   636 | D        | Found a glowing golden altar of the Shining One.
   665 | D        | Learned a level 2 spell: Wereblood
   669 | D        | Learned a level 3 spell: Spider Form
   674 | D        | Learned a level 4 spell: Ice Form
  1113 | D        | Noticed a wyvern
  1113 | D        | Noticed a two-headed ogre
  1113 | D        | Noticed a soldier ant
  1113 | D        | Noticed a necrophage
  1119 | D        | Killed a necrophage
  1120 | D        | Reached skill level 5 in Dodging
  1120 | D        | Reached skill level 1 in Stealth
  1120 | D        | Reached skill level 5 in Spellcasting
  1120 | D        | Reached skill level 5 in Transmutations
  1120 | D        | Reached XP level 6. HP: 38/38 MP: 8/14
  1124 | D        | Killed a soldier ant
  1125 | D        | Reached skill level 10 in Unarmed Combat
  1125 | D        | Reached skill level 1 in Ice Magic
  1125 | D        | Mangled by a two-headed ogre

Illustrated notes

Levels and vault maps discovered:
D:        linesprint [early_d, line_temple, items_1, d_10, items_2, lair_1,
          lair_end, items_3, orc_1, orc_end, items_4, d_15, swamp_1, shoals_1,
          snake_1, spider_1, d_20, vaults_1, items_5, swamp_end, shoals_end,
          snake_end, spider_end, vaults_end, d_27, items_6, zot_1, zot_end,
          crypt_end, forest_end, elf_end, slime_end, tomb_end, abyss_end,
          pan_hell_end]

Skill      XL: |  1  2  3  4  5  6 |
---------------+-------------------+-----
Unarmed Combat | 4 5 7 9 10 | 10.6
Dodging        | 3 4 5 |  5.5
Spellcasting   | 3 4 5 |  5.8
Transmutations | 3 5 |  5.7
Stealth        | 1 |  1.4
Ice Magic      | 1 |  1.1
Fighting       | |  1.3

Action                   |  1- 3 |  4- 6 || total
-------------------------+-------+-------++-------
Melee: Unarmed           |    21 |    19 ||    40
       Constrict         |     5 |     1 ||     6
       Kick              |     5 |     2 ||     7
       Tentacles         |     3 |     3 ||     6
       Punch             |     1 |       ||     1
 Cast: Beastly Appendage |     1 |       ||     1
       Ice Form          |       |     1 ||     1
       Wereblood         |       |     1 ||     1
  Use: Potion            |       |     1 ||     1
Armor: Skin              |     1 |       ||     1
Dodge: Dodged            |     7 |     9 ||    16

Table legend: (Time is in decaauts)
 A = Elapsed time spent in this place.
 B = Non-inter-level travel time spent in this place.
 C = Inter-level travel time spent in this place.
 D = Time resting spent in this place.
 E = Time spent auto-exploring this place.
 F = Levels seen in this place.
 G = Mean time per level.
                   A        B        C        D        E       F      G
               +--------+--------+--------+--------+--------+-----+--------+
         Total |   1119 |   1119 |      0 |   1004 |      3 |   1 | 1119.0 |
       Dungeon |   1119 |   1119 |      0 |   1004 |      3 |   1 | 1119.0 |
               +--------+--------+--------+--------+--------+-----+--------+

Top non-repeatable levels by time:
       D: 1119 daAuts
